[Event "44th Chess Olympiad Open 2022"]
[Site "Chennai"]
[Date "2022.08.06"]
[Round "8.33"]
[White "Salih, Akar Ali Salih"]
[Black "Sousa, Andre Ventura"]
[Result "0-1"]
[WhiteElo "2243"]
[BlackElo "2420"]
[Annotator "TA"]
[PlyCount "78"]
[EventDate "2022.??.??"]
[TimeControl "60"]

1. e4 c6 2. Nc3 d5 3. Nf3 Bg4 4. h3 Bxf3 5. Qxf3 e6 6. Be2 Bc5 {[%emt 0:00:00] B11: Caro-Kann: Two Knights Variation.} 7. O-O Nd7 8. exd5 exd5 {[%emt 0:00:
00] The position is equal.} 9. Rd1 {[%emt 0:03:17] [#]} Ne7 $146 ({Predecessor:} 9... Bd4 10. Re1 Ne7 11. Bd1 O-O 12. Ne2 Bb6 13. d4 Nf6
14. c3 Ne4 15. Bc2 f5 {½-½ (27) Ziaziulkina,N (2363)-Nechaeva,M (2413) Stary
Smokovec 2018}) 10. d4 Bb6 11. Bg5 O-O 12. Bd3 (12. Na4 {keeps more
tension.} Bc7 13. Bd3 h6 14. Bh4) 12... f6 13. Be3 Rf7 14. Ne2 ({Reject} 14. Qh5 f5 $11)
14... Nf8 15. c3 Qd7 16. h4 Re8 17. Re1 Nc8 18. Ng3 g6 $1 {[%emt 0:10:20] Inhibits Nf5.} 19. Bd2 Nd6 20. Rxe8 Qxe8 21. Re1 Qd8 22. Qe2 Bc7 23. Nf1 f5 24. Bg5 Qd7 25. f3 Bd8 26. Qe3 Bxg5 27. Qxg5 Ne6 28. Qe3 Ng7 29. Qg5 {
[%emt 0:02:11] Against Qd8} Nde8 30.
Re5 Nc7 31. Ng3 Nce6 32. Qh6 Qd8 33. Ne2 f4 34. Kf1 Rf6 35.
Ng1 {[%emt 0:01:30] [#]} (35. b4 $11 {remains equal.}) 35... Qb6 (35... Nf5 $1 $17 36. Bxf5 gxf5) 36. Re2 $2 {[%emt 0:00:53]
[#]} (36. b4 $1 $11 {and White stays safe.}) 36... Nh5 $1 $19 37. Kf2 c5 38. Nh3 {
[%emt 0:00:31] Hoping for Ng5.} cxd4 39. Ng5 $2 (39. c4 $19 Ng3 40. Ng5 Nxe2 41. Nxh7) 39... dxc3+ {[%emt 0:00:05]
Weighted Error Value: White=0.42/Black=0.12 (very precise)} 0-1

[Event "44th Chess Olympiad Open 2022"]
[Site "Chennai"]
[Date "2022.08.06"]
[Round "8.33"]
[White "Mohammed, Zozek Salah Mohamme"]
[Black "Santos, Jose Guilherme B Li"]
[Result "0-1"]
[WhiteElo "2232"]
[BlackElo "2361"]
[Annotator "TA"]
[PlyCount "118"]
[EventDate "2022.??.??"]
[TimeControl "60"]

1. d4 Nf6 2. c4 g6 3. Nf3 Bg7 4. g3 c5 5. Bg2 O-O 6. O-O cxd4 7. Nxd4 Nc6 8.
Nc3 Nxd4 9. Qxd4 d6 10. b3 Be6 11. Qd2 Rb8 12. Bb2 Qa5 {[%emt 0:01:10][%cal
Yb7b5] A39: Symmetrical English vs ...g6:4 Bg2 Bg7 5 Nf3 Nf6 6 0-0 0-0 7 d4.}
13. Rfd1 Rfc8 14. Nd5 (14.
e4 {with more complications.} Bg4 15. Nb5 Qxd2 16. Rxd2 a6 17. Nd4) 14... Qxd2
{[%emt 0:00:35] The position is equal.} 15. Rxd2 (15. Nxf6+ {
is more complex.} Bxf6 16. Rxd2 Bxb2 17. Rxb2 b5 18. cxb5 Rxb5 19. Be4) 15...
Nxd5 16. Bxg7 Kxg7 17. Bxd5
{[%emt 0:01:49] [#]} b5 $146 ({Predecessor:} 17... Bxd5 18.
Rxd5 Rc7 19. f4 Rbc8 20. Kf2 Rc5 21. Rad1 Rxd5 22. Rxd5 Rc6 23. e4 e6 {1-0 (64)
Dambrauskas,V (2342)-Molnar,P (2261) Kosice 2010}) 18. Bxe6 fxe6 19. cxb5 Rxb5 $11 {[%emt 0:00:04]
Endgame KRR-KRR} 20. Rad1 Kf6 21. Kf1 g5 22. h3 Ra5 23. e3 Rc3 24. Ke2 h5 25. Rb2 Kf5 26. Rd4 Rc1 27. Rd1 Rac5 28.
Rbd2 e5 29. Rxc1 Rxc1 $15 {
[%emt 0:00:10] KR-KR} 30. Rd1 ({Better is} 30. Kd3 $15) 30...
Rc2+ (30... Rxd1 $1 $19 31. Kxd1 e4) 31. Rd2 Rc3 32. Rd3 Rc5 33. Rd2 g4 34. hxg4+ hxg4 {[%emt 0:
00:00] White must now prevent ...Ke4.} 35. Rb2 $2 (35. Kd3 $1
$11 {and White has nothing to worry.}) 35... Ke4 $1 $19 36. a4 Rc3 37. Kd2 Rd3+ (37... Rc7 $19 {is more deadly.} 38. Ke2 Rc1) 38. Kc2 $17 d5 $1 {[%emt 0:05:25] Hoping for ...d4.} 39. Rb1 d4 40. exd4 Kxd4 (40... Rf3 $5 41. Re1+ Kxd4 42. Rd1+ Ke4 $15) 41. a5 e4 42. Re1 {[%emt 0:04:51] [#]} e5 (42... Rc3+ $1
$17 43. Kb2 Rf3) 43. Re2 $1 $11 Rc3+ 44. Kb2 e3 (44... Rf3 $5 ) 45. fxe3+ {
[%emt 0:10:20] [#]} (45. Rxe3 $1 $11 Rxe3 46. fxe3+ Kxe3 47. b4) 45... Rxe3 ({Black should play} 45... Kd3 $1 $17 {...Rxb3+ is the strong
threat.} 46. Re1 Rc2+ 47. Ka3 Rg2) 46. Rc2 (46. Rxe3 $11 Kxe3
47. b4) 46... Rxg3 47. Rc7 $2 (47. a6 $17)
47... Rg2+ $19 48. Ka3 a6 49. Rc6 $2 (49. b4 Rg3+ 50. Kb2) 49... e4 50.
Rxa6 Rg1 51. Ra8 g3 (51... e3 $142 {Strongly threatening ...e2.} 52. Rd8+ Kc5 53.
Rc8+ Kd4 54. Rd8+ Ke4 55. Re8+ Kd3 56. Rd8+ Kc3 57. Rc8+ Kd4 58. Rd8+) 52. Rd8+ Kc5 ({Weaker is} 52... Kc3 53. Rc8+ Kd4 54.
Kb4 $17) 53. b4+ Kc6 {[%emt 0:00:02] Threatens to win with ...
e3.} 54. Rd2 g2 {[%emt 0:00:14] Black mates.} 55. Ra2 Kb5 56. a6 Kxa6 57. Ka4 Kb6 58. b5 e3 59. Ka3 e2 {[%emt 0:00:01]
Weighted Error Value: White=0.71/Black=0.25 (precise)} 0-1

[Event "44th Chess Olympiad Open 2022"]
[Site "Chennai"]
[Date "2022.08.06"]
[Round "8.34"]
[White "Goh, Wei Ming Kevin"]
[Black "Karimov, Alisher"]
[Result "1-0"]
[WhiteElo "2453"]
[BlackElo "2234"]
[Annotator "TA"]
[PlyCount "133"]
[EventDate "2022.??.??"]
[TimeControl "60"]

1. e4 e5 2. Nf3 Nc6 3. Bc4 Nf6 4. d3 Bc5 5. O-O O-O 6. c3 d5 7. exd5 Nxd5 8. Re1 Bg4 9. h3 {[%emt 0:02:04] 9.Nbd2 is the hot move. C54: Giuoco
Piano: 4 c3 Nf6, main lines with 5 d4 and 5 d3.} Bh5 10. Nbd2 a6 (10... Nb6 $11 {
keeps the balance.}) 11. Ne4 $1 $16 {[%emt 0:21:54] White is better.} Ba7 12. Ng3 Bg6 13.
Nxe5 Nxe5 14. Rxe5 Nb6 15. Qf3 {[%emt 0:13:17] [#] 0x0.0020a98de143dp-1022s more
active pieces. The black rooks are badly placed.} Nxc4 $146 ({
Predecessor:} 15... c6 16. Bf4 Nxc4 17. dxc4 Qd3 18. Qxd3 Bxd3 19. Re7 b5 20.
cxb5 axb5 21. Rd1 Bc4 {½-½ (36) Akshit,K (1845)-Arjun,C (1901) Haryana 2018})
16. dxc4 Qd3 17. Qxd3 Bxd3 18. b3 a5 (18... c6 $142) 19.
Rd5 Rfd8 20. Rxd8+ (20. Bf4
$1 $16 ) 20... Rxd8 $14 21. Bf4 Bc2 22. Rc1 (22. Bxc7 $16 Rd2 23. Nh1 (23.
Bxa5 Bxf2+ 24. Kh2 f5 $11)) 22... Bg6 23. Nf1 c6 24. a3 b5 25. cxb5 cxb5 26. Be3 Bb8 27. Bb6 $36 {[%emt 0:00:47][%csl Ya5,Yd8] White is on the roll.} Re8 28. Bxa5 Bf4 29. Rd1 Bc2 30. Rd4 Bc1 {[%emt 0:00:
39] [#]} (30... Be5 $16 {is a better defense.}) 31. a4 $2 (31.
c4 $1 $18) 31... bxa4 32. bxa4 {[%emt 0:00:03] Threatens to
win with Bb6.} h6 (32... Ra8 $14) 33. c4 (33.
Bb6 $16) 33... Bxa4 34. c5 Bc6 35. Ng3 Re5 36. Bb4 Kh7 (36... Bb2 $14 37. Rd3 Kh7) 37. h4 ({White
should try} 37. Rd6 $16 Re6 38. Rxe6 fxe6 39. Ne2) 37... Rd5 38. Rxd5 Bxd5 $16 {[%emt 0:00:01] Endgame KBB-KBN} 39. Nf5 Be6 $2 {[%emt 0:01:07] White now steadily converts the win.} (
39... Bb2 $14) 40. Nd4 $18 Bc8 41. c6 Kg6 42. Nb5 Ba6 {[%emt 0:02:
01] [#]} 43. c7 $1 Kh5 (43... Bf4 44. Bd6)
44. g3 f5 $2 (44... Kg4 {was worth a try.}
45. Kg2 Bb7+ 46. Kh2 (46. f3+ Bxf3+ 47. Kf2 Bb7 $16) 46... Kf3) 45. Nd6 {
[%emt 0:04:21] White is clearly winning.} f4 46. c8=Q Bxc8 47. Nxc8 Kg4 48. Kg2 fxg3 (48... f3+ $142 49. Kf1
Bb2) 49. fxg3 g5 50. hxg5 Bxg5 {[%emt 0:00:15] [#]} 51. Be7 $1 Bd2 52.
Nd6 Bb4 {[%emt 0:00:49] [#]} 53. Nf5 $1 Bd2 54. Nd4 Be3 55. Nf3 Kf5 56. Bb4 h5 57.
Bd2 Bc5 58. Kh3 Be7 59. Bf4 Bf6 60. Bb8 Bd8 61. Nd4+ Kf6 {[%emt 0:01:51] [#]}
62. Be5+ $1 Kg6 63. Ne6 Be7 64. Bc7 Bf6 65. Bd8 Be5 66. Nf4+ Kh6 67. Kh4 {[%emt 0:00:07] Weighted Error Value: White=0.20 (precise) /
Black=0.44} 1-0

[Event "44th Chess Olympiad Open 2022"]
[Site "Chennai"]
[Date "2022.08.06"]
[Round "8.34"]
[White "Khusenkhojaev, Muhammad"]
[Black "Tin, Jingyao"]
[Result "0-1"]
[WhiteElo "2397"]
[BlackElo "2552"]
[Annotator "TA"]
[PlyCount "62"]
[EventDate "2022.??.??"]
[TimeControl "60"]

1. d4 d5 2. c4 c6 3. Nf3 Nf6 4. Qc2 dxc4 5. Qxc4 Bf5 6. Nc3 e6 7. g3 Nbd7 8. Bg2 Be7 9. O-O O-O 10. e3 b5 11. Qe2 {[%emt 0:01:07] D23: Queen's Gambit
Accepted: 3 Nf3 Nf6 sidelines.} b4 12. Nb1 {[%emt 0:02:55] [#]
} Bg6 $146 ({Predecessor:} 12... Rc8 13. Rd1 c5 14. dxc5 Rxc5
15. Nd4 Be4 16. Bxe4 Nxe4 17. f3 Nef6 18. Nd2 Qb6 19. N2b3 Rcc8 20. Kh1 a5 21.
Qb5 Qxb5 22. Nxb5 a4 23. N3d4 g6 24. Na7 {½-½ (24) Van Wely,L (2664)-Krejci,
J (2533) Germany 2015}) 13. b3 {[%emt 0:06:47] The position is equal.} Rc8 14. Bb2 c5 15. Nbd2 cxd4 16. Nxd4 Ne5 {[%emt 0:09:57]
Prevents Nc6.} 17. Rfd1 ({Reject} 17. Nxe6 fxe6 18. Bxe5 Rc2
$17) 17... Bd3 {[%emt 0:06:10] Inhibits Nc4.} 18. Qe1 Qb6 19. N2f3 Nxf3+ 20. Bxf3 (20. Nxf3 $5 Qa6 21. Ne5 $11) 20... Be4 21. a4 (21. Qf1 $11) 21... bxa3 $17 {[%emt 0:
00:00] Black is more active.} 22. Bxa3 Bxa3 23. Rxa3 e5 24. Bxe4 Nxe4 25. Nf3 (25. Nf5 $17 {is a better defense.}
Rc2 26. Rc1) 25... Rc2 $19 26. Nd2 {[%emt 0:00:27] [#]} Qd6 $1 27. Nc4 Qe7 {
[%emt 0:02:05][%cal Yc2c4] White must now prevent ...Rxc4!} 28. Rc1 Rxf2 {[%emt 0:01:34] And now ...Qf6 would win.} 29. Qa5 $2 (29. Rca1 $17) 29... Qf6 {[%emt 0:04:56] ( -> ...Qf3)} 30. Nxe5 {[%emt 0:
00:00] [#]} Rxh2 $3 31. Ng4 (31. Ra2 Rh3) 31... Qb2 {[%emt 0:00:17] Weighted Error Value:
White=0.90/Black=0.06 (flawless)} 0-1

[Event "44th Chess Olympiad Open 2022"]
[Site "Chennai"]
[Date "2022.08.06"]
[Round "8.34"]
[White "Khusenkhojaev, Mustafokhuja"]
[Black "Gong, Qianyun"]
[Result "1-0"]
[WhiteElo "2238"]
[BlackElo "2275"]
[Annotator "RC"]
[PlyCount "85"]
[EventDate "2022.??.??"]
[TimeControl "60"]

1. d4 d5 2. Nf3 Nf6 3. c4 c6 4. Nc3 e6 5. Bg5 h6 6. Bxf6 Qxf6 7. e3 g6 8. Bd3 dxc4 9. Bxc4 Nd7 10. O-O Bg7 11. Qc2 O-O 12. a4 a5 13.
Bb3 Qe7 14. Rad1 b6 15. Rfe1 Bb7 16. e4 Rfd8 17. e5 Rab8 18.
h4 b5 19. axb5 cxb5 20. d5 Nc5 21. d6 Qd7 22. Nd5 Nxb3 23.
Ne7+ Kh8 24. Qxb3 Bf8 25. Rc1 Qe8 26. Rc7 Rd7 27. Rec1 Rxe7 28. dxe7 Bxe7 29. Qe3 Bf8 30. Nh2 h5 31. Qa7 Be4 32. Rxf7 Ra8 33.
Qc7 Kg8 34. Rd7 Bd5 35. Nf3 Rb8 36. Ng5 Rb7 37. Qxb7 Bxb7 38. Rxb7 Qd8 39. Ne4 Bg7 40. Nf6+ Kh8 41. Rcc7 Qd1+ 42. Kh2 Bxf6 43. exf6 1-0

[Event "44th Chess Olympiad Open 2022"]
[Site "Chennai"]
[Date "2022.08.06"]
[Round "8.34"]
[White "Wong, Zhenyong Jayden"]
[Black "Ilkhomi, Jaloliddin"]
[Result "0-1"]
[WhiteElo "2163"]
[BlackElo "2076"]
[Annotator "NA RC"]
[PlyCount "82"]
[EventDate "2022.??.??"]
[TimeControl "60"]

1. d4 Nf6 2. c4 e6 3. g3 Bb4+ 4. Nd2 Ne4 5. Bg2 Nxd2 6. Bxd2 Qe7 7. Nf3 O-O 8. O-O Bxd2 9. Qxd2 d6 10. e4 e5 11. b4 Bg4 12. d5 Nd7 13.
Qe3 a5 14. a3 Rfb8 15. Nd2 c5 16. f3 Bh5 17. Bh3 axb4 18. axb4 b6 19. b5 Rxa1 20. Rxa1 Nf8 21. Ra6 f6 22. Qa3 Be8 23. Nb1 Bd7 24. Ra7 Qd8 25. Bxd7 Nxd7 26. Nc3 Kf8 27. Qa6 Ke8 28. Kf2 h5 29. Ke2 g6 30. Na4 f5 31. exf5 gxf5 32. Nc3 h4 33. Qa1 Qg5 34. Kf2 Ke7 35.
Ra8 Rxa8 36. Qxa8 hxg3+ 37. hxg3 Qd2+ 38. Ne2 e4 39. Qa1 Ne5 40. f4 Ng4+ 41. Kf1 Kf7 0-1

[Event "44th Chess Olympiad Open 2022"]
[Site "Chennai"]
[Date "2022.08.06"]
[Round "8.35"]
[White "Ibarra Chami, Luis Fernando"]
[Black "Kwon, Sehyun"]
[Result "1/2-1/2"]
[WhiteElo "2452"]
[BlackElo "2225"]
[Annotator "TA"]
[PlyCount "94"]
[EventDate "2022.??.??"]
[TimeControl "60"]

1. e4 e5 2. Nf3 Nc6 3. Bb5 a6 4. Ba4 Nf6 5. d3 d6 6. a3 {[%emt 0:06:47] C77: Ruy Lopez: 3...a6 4 Ba4 Nf6,
unusual lines.} g6 (6... b5 $5 7. Bb3 Be7 $11) 7. Nc3 Bg7 {[%emt 0:03:07] [#]} 8. d4 $146 ({
Predecessor:} 8. h3 O-O 9. Bb3 h6 10. Be3 Nd7 11. Qd2 Kh7 12. h4 Nc5 13. h5 g5
14. Bd5 {0-1 (30) Abergel,T (2444)-Sosa,T (2529) Los Cancajos 2020}) 8... exd4 9. Nxd4 Bd7 10. Nxc6 bxc6 11. O-O O-O 12. Bg5 {[%emt 0:03:09][%cal Ye4e5] Black must now prevent e5!} Re8 13. Re1 (13. f3 {is more complex.}
Qb8 14. Qd2 Be6 15. Be3) 13... Qb8 14. Rb1 h6 15. Bh4 Qb7 16. f4 (16. e5 Nh5 $11) 16... Qb6+ 17. Kh1 (
17. Bf2 $5 Qb7 18. h3 $14) 17... Ng4 18. Qf3 Qa5 {[%emt 0:02:03] Against Nd5. Strongly
threatening ...Bxc3.} 19. Bb3 (19. e5 $1 $16) 19... Qh5 $11 20. Bg3 Nf6 21. Qd3 Qc5 22. Qd2 Rad8 23. Bf2 Qh5 24. Bd4 Ng4 25. h3 {[%emt 0:00:
12] Threatens to win with Bxg7.} Nf6 26. Qd3 g5 (26... Qh4 $11 {remains equal.}) 27. fxg5 $16 (27. Qxa6 $2 Bxh3 $1 28. Kg1 Bc8 $19) 27... hxg5 28. Rf1 (28. Qxa6 Bxh3 $1 29. Qd3 Bc8+ 30. Kg1 Ng4 $19) 28... Qg6 29. Bxf6 {[%emt 0:00:00] White is more active.} ({Don't play} 
29. Qxa6 Re7 $16) 29... Bxf6 {[%emt 0:00:00] [#]} 30. e5 ({
Much worse is} 30. Qxa6 $6 Rf8 $11) (30. Rxf6 $1 $16 Qxf6 31. Rf1) 30... Qxd3
$14 31. cxd3 Bxe5 {[%emt 0:00:14] And now ...
d5 would win.} 32. Bxf7+ Kg7 {[%emt 0:00:08] ...Re7 is the
strong threat.} 33. Bxe8 Rxe8 34. Ne4 g4 35. Nf2 Rh8 36. b4 gxh3 37. Nxh3 Bxh3 {[%emt 0:00:33] The position is equal.} 38. gxh3 Rxh3+
$11 {[%emt 0:00:05] Endgame KRR-KRB} 39. Kg2 Rg3+ 40. Kf2 {[%emt 0:00:04][%cal Yd3d4] Hoping for d4!} Rxd3 41. Rfc1 Rxa3 42. Rxc6 Bd4+ 43. Ke2 {[%emt 0:00:00] White has compensation.} Bb6 44. Rf1 Rg3 45. Rc4 a5 46. b5 Rg5 47. Rcf4 Rxb5 {[%emt 0:02:46] Weighted Error Value: White=0.12 (very
precise) /Black=0.15 (very precise)} 1/2-1/2

[Event "44th Chess Olympiad Open 2022"]
[Site "Chennai"]
[Date "2022.08.06"]
[Round "8.35"]
[White "Lee, Jun Hyeok"]
[Black "Hernandez Guerrero, Gilberto"]
[Result "0-1"]
[WhiteElo "2390"]
[BlackElo "2560"]
[Annotator "TA"]
[PlyCount "64"]
[EventDate "2022.??.??"]
[TimeControl "60"]

1. d4 Nf6 2. c4 e6 3. Nc3 Bb4 4. e3 b6 5. Bd3 Bb7 6. Nf3 Ne4 7. O-O Bxc3 8. bxc3 f5 9. Nd2 {[%emt 0:07:50] [#]} Nf6 $146 {[%emt 0:04:34] E43: Nimzo-Indian:
Rubinstein: 4...b6.} ({Predecessor:} 9... Qg5 10. f4 Qg6 11. Nxe4 Bxe4 12. Bxe4
fxe4 13. Ba3 Nc6 14. d5 Na5 15. Qa4 h5 16. Rad1 h4 17. h3 {½-½ (45)
Moiseenko,A (2620)-Braun,A (2605) Chess.com INT 2020}) 10. Ba3 d6 11. Qc2 Nbd7 {[%emt 0:
09:43] White is slightly better.} 12. e4 g6 13. c5 dxc5 14. exf5 exf5 15. Rfe1+ (15. dxc5 $16 Kf7 16. Rfe1) 15...
Kf7 $1 $11 16. Bc4+ Kg7 17.
Nb3 Re8 18. dxc5 {[%emt 0:10:31] Black must
now prevent Nd4.} (18. Rad1 $5 ) 18... Be4 (
18... Ne5 $5 19. Bb5 Be4 $11) 19. Qb2 Ne5 20. Bf1 Nfg4 (20... Nd3 $11
21. Bxd3 Qxd3) 21. c4 (21. h3 $14 Qh4 22. Nd4 (22. f3 Qg3 23.
Bb5 Nxf3+ 24. Kf1 Bd3+ 25. Bxd3 Ngh2#)) 21... Kg8 (21... Qg5
$1 $11 22. Qc3 (22. f3 Bxf3 23. gxf3 Nf6+ 24. Kf2 Qf4 $15) 22... Kg8) 22. h3
$14 Qh4 23. Rad1 (23. f3 $2 Qg3 $1 24. Qxe5 Nxe5 $19) (23. Nd4 $5 ) 23... Rad8 24. cxb6 ({White should try} 24. Nd4 $1 $16)
24... Rxd1 {[%emt 0:00:33] The board is on fire.} (24... cxb6 25. c5 $16) (
24... axb6 $5 25. c5 Nh2 26. Kxh2 (26. Rxd8 $2 Nhf3+ 27. Kh1
Rxd8 $19) 26... Nf3+ 27. gxf3 Qf4+ 28. Kg1 Qg5+ 29. Kh1 (29. Kh2 Qf4+ 30. Kg1
Qg5+ 31. Kh1 Bxf3+ 32. Kh2 Qf4+ 33. Kg1 Qg5+ 34. Kh2 Qf4+ 35. Kg1 Qg5+ 36. Kh2
$11) 29... Bxf3+ 30. Kh2 Qf4+ 31. Kg1 Qg5+ 32. Kh2 Qf4+ 33. Kg1 Qg5+ 34. Kh2
$11) 25. Rxd1 axb6 {[%emt 0:00:51][%cal Yg4h2] Strongly
threatening ...Nh2!} 26. c5 {[%emt 0:01:01] Hoping for cxb6.} b5 27. Qd2 $2 {[%emt 0:03:04] Loses the game.} (27. Na5 $14 Nf6 28. Qxb5)
27... Qxh3 $1 $40 {[%emt 0:02:18][%csl Gg4][%cal Rh3h2] Black attacks with
force.} 28. Qf4 {[%emt 0:00:45] Against Qh2+} (28. Qd5+ {is a better defense.}
Bxd5 29. gxh3 Nf3+ 30. Kg2) 28... Qh5 29. Bxb5 $2 {[%emt 0:00:
16] [#]} (29. f3 {[#]} Nxf3+ $1 30. gxf3 Bxf3 $1 31. Bc4+ bxc4 32. Qxf3 Qh2+
33. Kf1 Ne3+ 34. Ke1 cxb3 35. axb3 Qg1+ 36. Kd2 Nxd1) (29. Bb2) 29... Nxf2 $1 30. Kxf2 (30. Qxf2 Qxd1+) 30... Qxd1 31. Be2 Nd3+ 32. Bxd3 Bxd3 {[%emt 0:00:00] Weighted Error Value: White=0.96/Black=0.26 (precise)}
0-1

[Event "44th Chess Olympiad Open 2022"]
[Site "Chennai"]
[Date "2022.08.06"]
[Round "8.35"]
[White "Ahn, Hongjin"]
[Black "Diaz Rosas, Julio Cesar"]
[Result "1/2-1/2"]
[WhiteElo "2303"]
[BlackElo "2328"]
[Annotator "RC"]
[PlyCount "111"]
[EventDate "2022.??.??"]
[TimeControl "60"]

1. c4 e6 2. Nc3 d5 3. d4 Nf6 4. Nf3 dxc4 5. Qa4+ c6 6. Qxc4 b5 7. Qb3 Nbd7 8. g3 Bd6 9. Bg2 O-O 10. Ng5 Nd5 11. Nxd5 exd5 12. O-O h6 13. Nf3 Re8 14. Qc2 Qb6 15. Bf4 Bf8 16. Rfd1 Nf6 17. Rac1 Bb7 18. Ne5 Rac8 19. Bh3 c5 20. Bxc8 Rxc8 21. Qf5 c4 22. h4 Re8 23. Qh3 Bc8 24. Qg2 Be6 25. f3 Nh5 26. Be3 f6 27. g4 fxe5 28.
gxh5 Bf5 29. Qf2 e4 30. Kh1 exf3 31. exf3 Bd3 32. Re1 Re7 33. Bf4 Rf7 34. Be5 Rf5 35. Qg3 Qb7 36. Re3 Qf7 37. Kg2 Rxh5 38. Kf2 Rf5 39. Qg4 Kh7 40. Rxd3 h5 41. Qg3 cxd3 42. Rg1 Qe6 43. f4 g6 44. Qxd3 Be7 45. Qg3 Qc6 46. Kg2 Qc2+ 47. Kh3 Rf7 48. Qg2 Qc6 49. Qg3 a5 50. Kh2 b4 51. Rf1 Qc2+ 52. Rf2 Qe4 53.
Qh3 Rf5 54. Qg3 Rf7 55. Qh3 Rf5 56. Qg3 1/2-1/2

[Event "44th Chess Olympiad Open 2022"]
[Site "Chennai"]
[Date "2022.08.06"]
[Round "8.35"]
[White "Montes Orozco, Miguel Angel"]
[Black "Li, Georgiy"]
[Result "0-1"]
[WhiteElo "2070"]
[BlackElo "1994"]
[Annotator "NA RC"]
[PlyCount "104"]
[EventDate "2022.??.??"]
[TimeControl "60"]

1. d4 Nf6 2. c4 e6 3. Nf3 d5 4. Nc3 Be7 5. Bf4 O-O 6. e3 b6 7. cxd5 Nxd5 8.
Nxd5 exd5 9. Bd3 c5 10. Ne5 Bf6 11. Qc2 h6 12. dxc5 Qe7 13.
Nf3 bxc5 14. O-O Nc6 15. a3 Bg4 16. Rac1 c4 17. Be2 Na5 18.
Rcd1 Rfd8 19. Bg3 Bh5 20. Nd4 Bg6 21. Qc3 Nb3 22. Rfe1 Nc5 23.
Qa5 Rac8 24. Bg4 Ne6 25. Qa6 Re8 26. Nc6 Qc5 27. Ne5 Bxe5 28.
Bxe5 Rc6 29. Qa4 a6 30. h4 Be4 31. Rd2 Rd8 32. Qd1 Qe7 33.
Bxe6 Rxe6 34. Bg3 Bd3 35. Qg4 d4 36. Bf4 Rg6 37. Qh3 Qf6 38.
h5 Bf5 39. Qh2 Rg4 40. exd4 Bd3 41. Be5 Qg5 42. f4 Qf5 43. Qh3 f6 44. Bc7 Rxd4 45. Re8+ Kh7 46. Qe3 Rd7 47. Rc8 Qxh5 48. Qe6 Rf7 49. Rxd3 cxd3 50. Qe4+ Qg6 51. Qxg6+ Kxg6 52. Ba5 Re7 0-1

[Event "44th Chess Olympiad Open 2022"]
[Site "Chennai"]
[Date "2022.08.06"]
[Round "8.36"]
[White "Petkov, Momchil"]
[Black "Wanyama, Harold"]
[Result "1/2-1/2"]
[WhiteElo "2510"]
[BlackElo "2242"]
[Annotator "TA"]
[PlyCount "73"]
[EventDate "2022.??.??"]
[TimeControl "60"]

1. e4 c6 2. Nc3 d5 3. Nf3 Bg4 4. Be2 Nf6 5. h3 Bxf3 6. Bxf3 {[%emt 0:00:00]
B11: Caro-Kann: Two Knights Variation.} dxe4 7. Nxe4 Nxe4 8. Bxe4 {[%emt 0:00:07] White has an edge.} Nd7 9. O-O {[%emt 0:02:24] [#]} g6 $146 ({
Predecessor:} 9... Nf6 10. Bf3 e6 11. Re1 Qc7 12. d4 h6 13. c3 Bd6 14. Be3 a5
15. a4 O-O {0-1 (44) Ganerdene,S (2109)-Nguyen,H (1840) Tornelo INT 2021}) 10.
d4 Bg7 11. a4 a5 12. c3 O-O 13. g3 Nf6 14. Bg2 Nd5 15. Qb3 b6 16. Bd2 Qd6 17. Rad1 Rac8 18. Rfe1 e6 19. h4 Rfd8 20. Bg5 (20. h5 $5) 20... Rd7 21. Bxd5 cxd5 22. h5 gxh5 23. Rd3 (23. Bf4 $5 Qe7 24. Qxb6 $14)
23... e5 {[%emt 0:04:51] Inhibits Bf4.} (23... f6 $11 {remains equal.} 24. Bc1
h4) 24. dxe5 $16 Bxe5 25. Qd1 Bg7 26. Qxh5 {[%emt 0:06:08] And now Rde3 would win.} Qg6 27. Qh3 {[%emt 0:02:33] White is more active.} f5 28. Bf4 Rc4 {[%emt 0:00:26][%csl Ya4,Yf4] ...Rxf4 is the
strong threat.} 29. Qg2 Re4 30. Red1 Rde7 {[%emt 0:00:36] [#]} ({Black should try} 30... d4) 31. Be3 ({Wrong is} 31. Rxd5 $2 Re1+ 32. Rxe1 Rxe1+ 33. Kh2 Qh5+ 34.
Qh3 {[#]} Rh1+ $3 35. Kxh1 Qxh3+ $19) (31. Qf3 $1 $16) 31... Bh6 $1 $11 {
[%emt 0:01:40] The position is equal.} 32. Kf1 Bxe3 33. Rxe3 Qe6 34. Qf3 Rxe3 35. fxe3 Qxe3 36. Qxe3 Rxe3 37. Rxd5 {[%emt 0:00:00] Weighted Error
Value: White=0.13 (very precise) /Black=0.10 (very precise)} 1/2-1/2

[Event "44th Chess Olympiad Open 2022"]
[Site "Chennai"]
[Date "2022.08.06"]
[Round "8.36"]
[White "Yordanov, Lachezar"]
[Black "Okas, Walter"]
[Result "1/2-1/2"]
[WhiteElo "2316"]
[BlackElo "2191"]
[Annotator "RC"]
[PlyCount "120"]
[EventDate "2022.??.??"]
[TimeControl "60"]

1. d4 Nf6 2. c4 e6 3. Nc3 Bb4 4. e3 b6 5. Bd3 Bb7 6. Nf3 O-O 7. O-O c5 8. Na4 cxd4 9. a3 Be7 10. exd4 d5 11. c5 bxc5 12. Nxc5 Bxc5 13. dxc5 Nbd7 14. b4 e5 15. Bb5 Qc7 16. Re1 a6 17. Ba4 h6 18. Bb2 Rfe8 19. c6 Bxc6 20.
Bxc6 Qxc6 21. Nxe5 Nxe5 22. Bxe5 Rac8 23. h3 Ne4 24. Bd4 Qc4 25. Rc1 Qxc1 26. Qxc1 Rxc1 27. Rxc1 Nd2 28. Rd1 Nc4 29. a4 Rb8 30. Bc3 Rd8 31. Kf1 f6 32. Ke2 Kf7 33. Kd3 Ke6 34. Re1+ Kd6 35. Bd4 Ne5+ 36. Kc3 Nd7 37. f4 Rc8+ 38. Kd3 Rc4 39. Rb1 a5 40. bxa5 Rxa4 41. Ra1 Rxa1 42. Bxa1 Nc5+ 43. Ke3 Nb3 44. Bc3 Kc5 45. Kd3 Kb5 46. f5 h5 47. g4 hxg4 48. hxg4 Nc5+ 49. Kd4 Kc6 50. Bb4 Nd7 51. a6 Ne5 52. a7 Kb7 53. Bc5 Nxg4 54. Kxd5 Nh6 55. Ke6 Ka8 56. Be3 Nxf5 57. Kxf5 Kb7 58. Bd4 g6+ 59. Kxg6 f5 60. Kxf5 Ka8 1/2-1/2